 Dungeon Crawl Stone Soup version 0.31-a0-1612-g4aaf141004 (webtiles) character file.

Game seed: 18257744603584169397

2853 zenocrate the Covert (level 9, -3/39 HPs)
             Began as a Vine Stalker Enchanter on Jan 9, 2024.
             Slain by a killer bee (5 damage)
             ... on level 8 of the Dungeon.
             The game lasted 00:08:41 (6264 turns).

zenocrate the Covert (Vine Stalker Enchanter)       Turns: 6264, Time: 00:08:41

Health: -3/39      AC:  3    Str: 10    XL:     9   Next: 75%
Magic:  0/16       EV: 12    Int: 27    God:
Gold:   373        SH:  0    Dex: 20    Spells: 7/15 levels left

rFire   . . .        a - +2 dagger (venom)
rCold   . . .        (no shield)
rNeg    . . .        v - +0 robe
rPois   .            (no helmet)
rElec   .            (no cloak)
rCorr   .            (no gloves)
SInv    +            g - +0 pair of boots
Will    +....        E - amulet of magic regeneration
Stlth   ++++         j - +6 ring of intelligence
HPRegen 1.06/turn    o - +6 ring of intelligence
MPRegen 0.55/turn

%: guardian spirit
@: hasted, invisible, very quick
A: fangs 3, regeneration 1, magic shield, antimagic bite, no potion heal 2, see
invisible, high MP 1, inability to drink after injury 1
a: no special abilities


You were on level 8 of the Dungeon.
You visited 2 branches of the dungeon, and saw 9 of its levels.
You also visited: Ossuary.

You collected 373 gold pieces.

Inventory:

Hand Weapons
 a - a +2 dagger of venom (weapon)
 b - a +0 short sword of holy wrath
 w - a +1 dagger
 x - a +2 dagger of freezing
Missiles
 f - 5 boomerangs
 q - 5 curare-tipped darts
 s - 14 poisoned darts (quivered)
 K - 2 throwing nets
Armour
 g - a +0 pair of boots (worn)
 h - a +0 hat
 v - a +0 robe (worn)
 D - a +0 kite shield
Jewellery
 j - a +6 ring of intelligence (left hand)
 n - a ring of fire
 o - a +6 ring of intelligence (right hand)
 y - a ring of flight
 E - an amulet of magic regeneration (around neck)
Scrolls
 e - a scroll of revelation {unknown}
 i - 2 scrolls of fog
 m - a scroll of silence {unknown}
 p - 2 scrolls of fear {unknown}
 u - 2 scrolls of teleportation {unknown}
 z - 2 scrolls of enchant weapon {unknown}
 G - a scroll of poison {unknown}
 H - 2 scrolls of vulnerability {unknown}
 I - a scroll of blinking {unknown}
Potions
 c - 2 potions of invisibility
 d - 2 potions of curing
 k - a potion of brilliance
 l - a potion of haste
 r - 3 potions of magic
 t - 6 potions of might
 A - a potion of enlightenment
 B - a potion of mutation
 C - 4 potions of lignification {unknown}
 F - a potion of resistance {unknown}


   Skills:
 * Level 7.4 Short Blades
 - Level 1.5 Dodging
 + Level 9.1 Stealth
 - Level 3.5 Spellcasting
 + Level 7.4 Hexes
 - Level 3.1 Ice Magic


You had 7 spell levels left.
You knew the following spells:

 Your Spells              Type           Power      Damage    Failure   Level
a - Ensorcelled Hibernat  Hex/Ice        66%        N/A       1%          2
b - Confusing Touch       Hex            45%        N/A       1%          3
c - Tukima's Dance        Hex            45%        N/A       1%          3

Your spell library contained the following spells:

 Spells                   Type           Power      Damage    Failure   Level
 Dazzling Flash           Conj/Hex       48%        N/A       5%          3
 Mercury Vapours          Alch/Air       8%         N/A       13%         2
 Mephitic Cloud           Conj/Alch/Air  4%         N/A       26%         3
 Freezing Cloud           Conj/Ice/Air   5%         6-21      83%         5


Dungeon Overview and Level Annotations

Branches:
Dungeon (8/15)             Temple (1/1) D:7         Ossuary (visited)
   Lair: D:8-11

Altars:
Ashenzari
Cheibriados
Dithmenos
Elyvilon
Fedhas
Hepliaklqana
Kikubaaqudgha
Makhleb
Nemelex Xobeh
Okawaru
Qazlal
Ru
Sif Muna
Trog
Uskayaw
Wu Jian
Xom
Yredelemnul
Zin

Annotations:
D:5 2 runed translucent doors, Azoth's ghost, novice DsGl
Temple 2 transporters


Innate Abilities, Weirdness & Mutations

You have razor-sharp teeth.
Your natural rate of healing is unusually fast.
When hurt, damage is shared between your health and your magic reserves.
Your bite disrupts and absorbs the magic of your enemies.
Potions cannot restore your health.
You have supernaturally acute eyesight. (SInv)
You have an increased reservoir of magic. (+10% MP)
You occasionally lose the ability to drink potions when taking damage.


Message History

* * * LOW HITPOINT WARNING * * *
The killer bee barely misses you.
Unknown command.
The killer bee closely misses you.
Unknown command.
You hit the killer bee.
The killer bee is poisoned.
Your bite misses the killer bee.
The killer bee is lightly wounded.
A kobold comes into view. It is wielding a +0 dagger.
The killer bee stings you.
* * * LOW HITPOINT WARNING * * *
Unknown command.
Unknown command.
You catch the helpless killer bee completely off-guard!
You impale the killer bee!!
You kill the killer bee!
The killer bee stings you but does no damage.
Unknown command.
You catch the helpless killer bee completely off-guard!
You impale the killer bee!!
You kill the killer bee!
The killer bee barely misses you.
Unknown command.
You barely miss the wyvern zombie. Your bite misses the wyvern zombie.
The wyvern zombie bites you.
* * * LOW HITPOINT WARNING * * *
The killer bee misses you.
Unknown command.
Unknown command.
You catch the helpless wyvern zombie completely off-guard!
You impale the wyvern zombie!!
You bite the wyvern zombie, but do no damage.
The wyvern zombie is severely damaged.
Unknown command.
Unknown command.
You catch the helpless wyvern zombie completely off-guard!
You perforate the wyvern zombie like a sieve!!!
You destroy the wyvern zombie!
The killer bee stings you.
You die...

#............####
#.....[....Y.....
##...y....>....###
......K....<.$...#
....z.K[..)....#.#
...##.#####ZK#.....
K #. #z)#....$ #
#.y# ... #@.# #..#
#..# #..# #..# #..#
#..# #..#


You could see a sky beast (wandering, unable to see you), a killer bee (unable
to see you), a wight (unable to see you), a killer bee zombie (wandering, unable
to see you) and a kobold (wandering, unable to see you).

Vanquished Creatures
  2 steam dragons
  Menkaure (D:4)
  A water moccasin (D:7)
  A black bear (D:5)
  An orc warrior (D:7)
  3 ogres
  2 elf zombies (Ossuary)
  2 kobold brigands
  A wyvern zombie (D:8)
  2 scorpions
  3 bullfrogs
  A gnoll sergeant (D:6)
  4 killer bees (D:8)
  2 centaur zombies (Ossuary)
  3 hounds
  A human zombie (Ossuary)
  A bombardier beetle (D:5)
  A gnoll bouda (D:7)
  2 jellies (D:6)
  6 iguanas
  2 sleepcaps (D:5)
  4 orc wizards
  A killer bee zombie (D:8)
  6 hound zombies (Ossuary)
  2 mummies (Ossuary)
  12 gnolls
  7 adders
  2 white imps
  4 ufetubi
  7 adder zombies (Ossuary)
  2 dart slugs
  3 ribbon worms
  13 orcs
  7 endoplasms
  4 giant cockroaches
  6 gnoll zombies (Ossuary)
  7 hobgoblins
  7 jackals
  4 quokkas
  5 ball pythons
  7 bats
  4 jackal zombies (Ossuary)
  17 kobolds
  4 kobold zombies (Ossuary)
  5 orc zombies (Ossuary)
  5 rats
187 creatures vanquished.

Vanquished Creatures (others)
  A jackal (D:1)
1 creature vanquished.

Grand Total: 188 creatures vanquished

Notes
Turn   | Place    | Note
-------+----------+-------------------------------------------
     0 | D:1      | zenocrate the Vine Stalker Enchanter began the quest for
                  | the Orb.
     0 | D:1      | Reached XP level 1. HP: 9/9 MP: 4/4
    18 | D:1      | Reached skill level 1 in Short Blades
   137 | D:1      | Reached XP level 2. HP: 12/13 MP: 3/6
   147 | D:1      | Reached skill level 4 in Stealth
   234 | D:1      | Reached XP level 3. HP: 13/16 MP: 5/7
   358 | D:1      | Learned a level 2 spell: Ensorcelled Hibernation
   362 | D:1      | Learned a level 3 spell: Confusing Touch
   953 | D:2      | Reached XP level 4. HP: 21/21 MP: 4/8
  1097 | D:2      | Found a sparkling altar of Nemelex Xobeh.
  1406 | D:3      | Noticed a kobold brigand
  1421 | D:3      | Killed a kobold brigand
  1422 | D:3      | Reached skill level 1 in Ice Magic
  1422 | D:3      | Reached XP level 5. HP: 14/24 MP: 8/10
  1605 | D:3      | Found a burning altar of Makhleb.
  1606 | D:3      | Found a snail-covered altar of Cheibriados.
  1995 | D:3      | Learned a level 3 spell: Tukima's Dance
  2001 | D:4      | Identified the +9 shortbow "Fuczulunt" {drain, Str+2
                  | Stlth+}
  2129 | D:3      | Reached skill level 5 in Stealth
  2205 | D:4      | Found a bloodstained altar of Trog.
  2211 | D:4      | Reached XP level 6. HP: 28/28 MP: 11/11
  2715 | D:4      | Noticed Menkaure
  2718 | D:4      | Killed Menkaure
  2719 | D:4      | Reached XP level 7. HP: 32/32 MP: 11/13
  3087 | D:5      | Entered Level 5 of the Dungeon
  3204 | D:5      | Found a runed translucent door.
  3228 | D:5      | Found a sand-covered staircase.
  3269 | Ossuary  | Entered an ossuary
  3292 | Ossuary  | Reached skill level 6 in Stealth
  3490 | Ossuary  | Reached skill level 5 in Hexes
  3572 | Ossuary  | Gained mutation: You have razor-sharp teeth. [Vine Stalker
                  | growth]
  3572 | Ossuary  | Reached XP level 8. HP: 31/36 MP: 11/14
  3682 | D:5      | Found a runed translucent door.
  3682 | D:5      | Noticed Azoth's ghost (novice DsGl)
  3752 | D:5      | Reached skill level 7 in Stealth
  4276 | D:5      | Found a glowing silver altar of Zin.
  4350 | D:5      | You fall into a shaft and drop 2 floors!
  4363 | D:7      | Reached skill level 5 in Short Blades
  5266 | D:7      | Reached XP level 9. HP: 34/39 MP: 15/15
  5397 | D:7      | Reached skill level 8 in Stealth
  5503 | D:7      | Found a staircase to the Ecumenical Temple.
  5580 | Temple   | Found a transporter.
  5580 | Temple   | Found a transporter.
  5580 | Temple   | Found a transporter.
  5580 | Temple   | Found a transporter.
  5580 | Temple   | Entered the Ecumenical Temple
  5947 | D:7      | Identified the +6 morningstar of the Rattlesnake {protect,
                  | rC- Int+10}
  5957 | D:7      | Gained mutation: You have an increased reservoir of magic.
                  | (+10% MP) [potion of mutation]
  5957 | D:7      | Gained mutation: You occasionally lose the ability to drink
                  | potions when taking damage. [potion of mutation]
  5957 | D:7      | Gained mutation: You have supernaturally acute eyesight.
                  | (SInv) [potion of mutation]
  6237 | D:8      | Reached skill level 9 in Stealth
  6262 | D:8      | HP: 1/39 [wyvern zombie (4)]
  6264 | D:8      | Slain by a killer bee

Illustrated notes

Levels and vault maps discovered:
D:1:      spicycebolla_green_bress_n_ham, layout_rooms, bh_walls_and_bars
D:2:      cheibrodos_old_hovel, layout_loops_ring, basic_altar, minmay_tall_x
D:3:      layout_basic, nicolae_overflow_squiral, chequers_decorated_corner
D:4:      layout_gridville, trog_book, uniq_menkaure
D:5:      layout_gridville, overflow_temple_1_default, ebering_ghost_sewer_f,
          nicolae_ossuary_entry_false_entrances
D:6:      layout_basic
D:7:      layout_gridville, minmay_temple_entry_large_hall
D:8:      layout_basic, enter_bailey_6, serial_undead, serial_undead_f,
          serial_undead_b, serial_undead_f, serial_undead_d
Temple:   hellmonk_temple_divided_pantheon

Skill      XL: |  1  2  3  4  5  6  7  8  9 |
---------------+----------------------------+-----
Short Blades   | 1 2 3 4 5 7 |  7.4
Stealth        | 4 5 6 7 9 |  9.1
Ice Magic      | 1 2 3 |  3.1
Spellcasting   | 3 |  3.5
Hexes          | 4 5 6 7 |  7.4
Dodging        | |  1.5

Action                     |  1- 3 |  4- 6 |  7- 9 || total
---------------------------+-------+-------+-------++-------
  Melee: Dagger            |   128 |    83 |   148 ||   359
         Bite              |    36 |    13 |   127 ||   176
         Punch             |     3 |       |     9 ||    12
         Short sword       |       |       |   217 ||   217
   Cast: Ensorcelled Hiber |    10 |    13 |    40 ||    63
         Confusing Touch   |       |     2 |     3 ||     5
    Use: Scroll            |       |     1 |     6 ||     7
         Potion            |       |     1 |     4 ||     5
   Stab: Sleeping          |     7 |    22 |    49 ||    78
         Distracted        |     1 |       |       ||     1
         Invisible         |       |       |     4 ||     4
         Confused          |       |       |     1 ||     1
 Armour: Robe              |    73 |    42 |   195 ||   310
  Dodge: Dodged            |    78 |    44 |   227 ||   349

Table legend: (Time is in decaauts)
 A = Elapsed time spent in this place.
 B = Non-inter-level travel time spent in this place.
 C = Inter-level travel time spent in this place.
 D = Time resting spent in this place.
 E = Time spent auto-exploring this place.
 F = Levels seen in this place.
 G = Mean time per level.
                   A        B        C        D        E       F      G
               +--------+--------+--------+--------+--------+-----+--------+
         Total |   6162 |   5954 |    208 |      0 |   4469 |  10 |  616.2 |
       Dungeon |   5825 |   5617 |    208 |      0 |   4350 |   8 |  728.1 |
        Temple |      4 |      4 |      0 |      0 |      0 |   1 |    4.0 |
       Ossuary |    332 |    332 |      0 |      0 |    119 |   1 |  332.0 |
               +--------+--------+--------+--------+--------+-----+--------+

Top non-repeatable levels by time:
     D:7: 1019 daAuts
     D:5: 992 daAuts
     D:4: 978 daAuts
     D:2: 828 daAuts
     D:3: 726 daAuts
     D:6: 697 daAuts
     D:1: 538 daAuts
 Ossuary: 332 daAuts
     D:8: 43 daAuts
  Temple: 4 daAuts
